 Dungeon Crawl Stone Soup version 0.26.1-11-gd32895ea62 (webtiles) character file.

Game seed: 16642413538546085098

90 Exporg the Ruffian (level 4, -1/44 HPs)
             Began as a Troll Fighter on June 22, 2021.
             Slain by a gnoll
             ... wielding a +0 vorpal spear
              (3 damage)
             ... on level 2 of the Dungeon.
             The game lasted 00:01:58 (1208 turns).

Exporg the Ruffian (Troll Fighter)                  Turns: 1208, Time: 00:01:59

Health: -1/44      AC:  6    Str: 24    XL:     4   Next: 32%
Magic:  3/3        EV:  8    Int:  4    God:
Gold:   100        SH:  9    Dex: 10    Spells: 3/3 levels left

rFire    . . .     SeeInvis .     - Unarmed
rCold    . . .     Faith    .   b - +0 kite shield
rNeg     . . .     Spirit   .   a - +0 robe
rPois    .         Reflect  .   (helmet restricted)
rElec    .         Harm     .   (no cloak)
rCorr    .         Rampage  .   (gloves unavailable)
Will     .....                  (boots unavailable)
Stlth    +.........             g - amulet of regeneration
HPRegen  0.94/turn              (no ring)
MPRegen  0.08/turn              (no ring)

@: no status effects
A: large, unfitting armour, claws 3, regeneration 1, shaggy fur 1, tough skin 3
a: no special abilities


You were on level 2 of the Dungeon.
You visited 1 branch of the dungeon, and saw 2 of its levels.

You collected 100 gold pieces.

Inventory:

Armour
 a - a +0 robe (worn)
 b - a +0 kite shield (worn)
Jewellery
 g - an amulet of regeneration (around neck)
Scrolls
 f - a scroll of remove curse {unknown}
 h - a scroll of identify {unknown}
 i - a scroll of enchant weapon {unknown}
 j - a scroll of teleportation {unknown}
Potions
 c - a potion of might
 d - 2 potions of haste {unknown}
 e - a potion of mutation {unknown}


   Skills:
 + Level 2.8 Fighting
 + Level 3.0 Dodging
 + Level 3.0 Shields
 + Level 3.1 Unarmed Combat


You had 3 spell levels left.
You didn't know any spells.
Your spell library was empty.

Dungeon Overview and Level Annotations

Branches:
Dungeon (2/15)

Altars:


Innate Abilities, Weirdness & Mutations

You are too large for most types of armour.
You have claws for hands.
Your natural rate of healing is unusually fast.
You are covered in fur. (AC +1)
You have extremely tough skin. (AC +3)


Message History

The gnoll is almost dead.
The gnoll hits you with a +0 flail!
* * * LOW HITPOINT WARNING * * *
You block the gnoll's attack.
Your shield prevents you from hitting the gnoll.
The gnoll is almost dead.
The gnoll barely misses you. The gnoll hits you but does no damage.
You claw the gnoll!
You kill the gnoll!
The gnoll hits you from afar with a +0 vorpal spear.
* * * LOW HITPOINT WARNING * * *
x2 Your Dodging skill increases to level 3!
Your Shields skill increases to level 3!
You block the gnoll's attack.
Things that are here:
a +0 flail; a +0 flail You completely miss the gnoll.
The gnoll hits you with a +0 vorpal spear!
* * * LOW HITPOINT WARNING * * *
You die...

#...........
#.##.#######
#.##..# #
#.###.# #
#######.#
#.### #
#.......#
#...## #
#.#####.#
###..### #.#
# ### ##...#
#@#.# #...#
#g8.# #####
#........
#........
##8.#.#.#
#.#.# # ## #


You could see a gnoll.

Vanquished Creatures
  3 adders
  2 gnolls (D:2)
  An ooze (D:1)
  A leopard gecko (D:2)
  A giant cockroach (D:1)
  4 goblins
  5 hobgoblins
  5 jackals (D:2)
  A quokka (D:2)
  A ball python (D:2)
  A bat (D:2)
  A frilled lizard (D:2)
  4 kobolds
  9 rats
39 creatures vanquished.

Vanquished Creatures (others)
  3 plants (D:1)
3 creatures vanquished.

Grand Total: 42 creatures vanquished

Notes
Turn   | Place    | Note
-------+----------+-------------------------------------------
     0 | D:1      | Exporg the Troll Fighter began the quest for the Orb.
     0 | D:1      | Reached XP level 1. HP: 22/22 MP: 0/0
   213 | D:1      | Reached XP level 2. HP: 29/29 MP: 1/1
   858 | D:1      | Reached XP level 3. HP: 19/36 MP: 2/2
  1117 | D:2      | Reached XP level 4. HP: 44/44 MP: 3/3
  1208 | D:2      | HP: 2/44 [gnoll/+0 vorpal spear (8)]
  1208 | D:2      | Slain by a gnoll

Illustrated notes

Levels and vault maps discovered:
D:1:      matt_arrival_refuge, layout_basic, chequers_serial_rivers_large_b,
          serial_bayou_lagoon_a
D:2:      minmay_chambers_of_twos, layout_rooms, minitemple,
          minmay_pentomino_s4, uniq_crazy_yiuf_cottage

Skill      XL: |  1  2  3  4 |
---------------+-------------+-----
Unarmed Combat | 3 |  3.1
Dodging        | 3 |  3.0
Shields        | 3 |  3.0
Fighting       | |  2.8

Action                   |  1- 3 |  4- 6 || total
-------------------------+-------+-------++-------
Melee: Unarmed           |   112 |    20 ||   132
Armor: Robe              |    41 |     6 ||    47
Dodge: Dodged            |    27 |     8 ||    35
Block: Kite shield       |    25 |    11 ||    36
